Map: [ESL] Tropical Sacrifice

Players

TeebuL

  • Race: Protoss Protoss
  • Spawn Location: 7:00

MeomaikA - Winner!

  • Race: Zerg Zerg
  • Spawn Location: 1:00

Event: DreamHack SC2 Masters 2022 Atlanta (Online)

VOD

Have the link to the VOD?

Description

Time

  • Played on: Sept. 30, 2022, 4:22 a.m.
  • Length: 20:34

All games in this series

Show
View Real Time Build Order
Export as new Build Order

TeebuL Protoss 

Build Orders: Oracle Opening 

Get SALT Encoding   

  12  0:00  Probe  
  13  0:12  Probe  
  14  0:19  Pylon  
  14  0:24  Probe (Chrono Boost)  
  15  0:38  Probe (Chrono Boost)  
  15  0:40  Gateway  
  16  0:46  Probe (Chrono Boost)  
  16  0:49  Assimilator  
  17  0:52  Probe  
  18  0:59  Assimilator  
  19  1:04  Probe  
  19  1:14  Pylon  
  19  1:16  Probe  
  20  1:27  Cybernetics Core  
  20  1:29  Probe  
  21  1:35  Pylon  
  21  1:42  Probe  
  22  1:54  Probe  
  23  2:01  Adept (Chrono Boost)  
  23  2:07  Stargate  
  25  2:10  Probe  
  25  2:13  Warp Gate  
  26  2:18  Cybernetics Core  
  26  2:22  Stalker (Chrono Boost)  
  27  2:41  Nexus  
  27  2:52  Oracle (Chrono Boost)  
  30  3:02  Pylon  
  30  3:08  Gateway  
  30  3:14  Shield Battery  
  30  3:26  Oracle (Chrono Boost)  
  30  3:30  Probe  
  34  3:42  Probe  
  34  3:46  Pylon  
  35  3:53  Probe  
  35  3:54  Probe  
  35  4:02  Adept  
  35  4:03  Adept  
  35  4:06  Probe (Chrono Boost)  
  41  4:11  Probe (Chrono Boost)  
  41  4:16  Probe (Chrono Boost)  
  42  4:18  Twilight Council  
  42  4:19  Probe (Chrono Boost)  
  44  4:26  Probe (Chrono Boost)  
  44  4:28  Probe (Chrono Boost)  
  42  4:33  Probe (Chrono Boost)  
  42  4:34  Probe (Chrono Boost)  
  44  4:40  Robotics Facility  
  44  4:44  Probe x2  
  46  4:46  Assimilator  
  46  4:47  Assimilator  
  46  4:55  Resonating Glaives (Chrono Boost)  
  46  4:56  Probe x2  
  46  4:59  Pylon  
  46  5:08  Probe  
  46  5:10  Probe  
  46  5:19  Gateway  
  46  5:20  Gateway  
  46  5:23  Gateway  
  46  5:24  Warp Prism (Chrono Boost)  
  46  5:25  Gateway  
  48  5:32  Gateway  
  48  5:38  Gateway  
  48  5:45  Adept x2  
  48  5:47  Pylon  
  52  5:55  Pylon  
  52  6:07  Pylon  
  52  6:09  Adept x2  
  56  6:21  Adept x4  
  64  6:36  Adept x4  
  64  6:38  Pylon  
  64  6:39  Pylon  
  72  6:43  Adept x4  
  80  7:00  Adept x4  
  88  7:08  Adept  
  88  7:09  Adept x3  
  96  7:26  Pylon  
  96  7:30  Adept x3  
  98  7:51  Pylon  
  98  7:54  Adept x6  
  110  8:15  Adept x3  
  110  8:21  Adept x4  
  116  8:27  Sentry x2  
  118  8:45  Pylon x2  
  118  8:46  Pylon  
  118  8:54  Robotics Bay  
  108  8:57  Adept x4  
  108  8:58  Adept x4  
  78  9:18  Adept x5  
  88  9:28  Nexus  
  88  9:35  Extended Thermal Lance (Chrono Boost)  
  88  9:48  Disruptor (Chrono Boost)  
  91  9:53  Pylon  
  91  9:54  Sentry x4  
  91  9:55  Adept x3  
  105  10:01  Pylon  
  105  10:14  Colossus (Chrono Boost)  
  105  10:21  Adept, Sentry  
  115  10:30  Adept x3  
  121  10:46  Stalker x2  
  125  11:04  Adept x6  
  137  11:20  Adept x2  
  139  11:30  Disruptor (Chrono Boost)  
  83  11:50  Stalker x4  
  71  12:01  Shield Battery  
  66  12:05  Disruptor (Chrono Boost), Assimilator  
  66  12:06  Pylon  
  67  12:22  Stalker x2  
  63  12:28  Stalker  
  63  12:29  Zealot x5  
  75  12:31  Probe x2  
  77  12:42  Dark Shrine  
  73  12:49  Probe x2  
  67  12:52  Adept  
  67  12:53  Adept  
  71  12:58  Disruptor (Chrono Boost)  
  74  13:22  Nexus  
  74  13:23  Pylon  
  74  13:38  Pylon  
  74  13:42  Observer (Chrono Boost)  
  71  13:57  Dark Templar x4  
  79  14:03  Pylon  
  79  14:09  Disruptor (Chrono Boost)  
  81  14:31  Stalker x4  
  89  14:57  Probe x3  
  90  15:01  Shield Battery  
  88  15:09  Probe x2  
  86  15:17  Dark Templar x3  
  92  15:22  Archon  
  92  15:31  Probe  
  92  15:33  Assimilator  
  92  15:34  Assimilator  
  93  15:43  Probe x3  
  96  15:58  Dark Templar x2  
  96  16:03  Archon  
  97  16:04  Dark Templar x2  
  101  16:11  Archon  
  101  16:13  Shield Battery  
  101  16:15  Pylon  
  101  16:30  Dark Templar x2  
  105  16:36  Archon  
  105  16:37  Nexus  
  105  16:41  Pylon  
  105  17:02  Stalker x4  
  113  17:14  Dark Templar x2  
  114  17:17  Shield Battery  
  112  17:29  Probe x3  
  115  17:40  Stalker x4  
  123  17:49  Probe (Chrono Boost)  
  125  17:51  Probe (Chrono Boost)  
  125  17:54  Disruptor (Chrono Boost)  
  127  17:59  Probe (Chrono Boost)  
  127  18:03  Probe (Chrono Boost)  
  129  18:17  Dark Templar x2  
  129  18:18  Stalker  
  129  18:19  Stalker  
  136  18:23  Archon  
  136  18:24  Zealot x2  
  136  18:25  Zealot x2  
  138  18:51  Disruptor  
  141  18:57  Dark Templar x2  
  145  19:14  Nexus  
  143  19:17  Nexus  
  143  19:22  Dark Templar x2  
  83  20:16  Archon  
Show
View Real Time Build Order
Export as new Build Order

MeomaikA Zerg - Winner!

Build Orders: Pool First 

Get SALT Encoding   

  12  0:00  Drone  
  13  0:12  Overlord  
  13  0:17  Drone  
  14  0:31  Drone x2  
  14  0:34  Drone  
  17  0:45  Spawning Pool  
  17  0:49  Drone  
  17  1:10  Drone x2  
  19  1:11  Extractor  
  18  1:24  Hatchery  
  17  1:32  Zergling x4  
  19  1:34  Queen  
  19  1:39  Drone  
  22  1:49  Overlord  
  22  2:07  Drone  
  23  2:10  Queen  
  23  2:11  Metabolic Boost  
  23  2:13  Drone  
  26  2:22  Drone  
  27  2:33  Drone  
  27  2:36  Drone  
  29  2:41  Drone  
  29  2:42  Drone x2  
  32  2:45  Drone  
  32  2:47  Overlord  
  33  2:55  Overlord  
  33  3:06  Hatchery  
  33  3:08  Drone  
  33  3:13  Drone x2  
  33  3:18  Drone  
  37  3:20  Drone  
  37  3:21  Drone  
  37  3:23  Drone  
  37  3:25  Drone  
  40  3:34  Spore Crawler  
  39  3:35  Lair  
  39  3:39  Spore Crawler  
  39  3:40  Drone  
  39  3:43  Zergling x2  
  39  3:47  Zergling x4  
  38  3:57  Drone x3  
  38  4:00  Drone  
  38  4:01  Drone  
  43  4:05  Extractor  
  41  4:10  Zergling x6  
  41  4:13  Drone x2  
  44  4:32  Zergling x2  
  44  4:33  Zergling x12  
  44  4:34  Zergling x2  
  44  4:35  Hydralisk Den  
  44  4:37  Queen  
  53  4:40  Drone  
  53  4:41  Drone  
  53  4:45  Drone x2  
  57  4:49  Overlord  
  57  4:50  Drone  
  58  4:56  Overlord  
  57  5:09  Drone x4  
  57  5:11  Hydralisk x2, Drone  
  66  5:16  Muscular Augments  
  66  5:19  Hydralisk  
  66  5:21  Drone  
  68  5:25  Hydralisk  
  70  5:28  Drone  
  70  5:29  Drone  
  70  5:30  Drone  
  70  5:33  Overlord  
  73  5:36  Drone  
  73  5:37  Overlord  
  73  5:41  Overseer  
  74  5:50  Overlord  
  74  5:51  Overlord  
  74  5:52  Hydralisk x3  
  74  5:55  Hydralisk  
  82  5:57  Hydralisk  
  84  6:04  Hydralisk  
  84  6:08  Drone x3  
  84  6:09  Queen  
  84  6:10  Zergling x2  
  84  6:11  Zergling x2  
  93  6:13  Zergling x4  
  93  6:15  Overlord  
  93  6:18  Hydralisk  
  95  6:23  Overlord  
  97  6:27  Drone, Roach Warren, Extractor  
  97  6:28  Drone  
  97  6:30  Drone  
  95  6:37  Drone x5  
  100  6:43  Queen  
  102  6:47  Hydralisk  
  102  6:49  Overlord  
  102  6:51  Hydralisk  
  106  6:57  Hydralisk x3  
  106  6:59  Drone  
  106  7:00  Drone  
  106  7:01  Drone  
  115  7:09  Grooved Spines, Drone  
  115  7:12  Overlord  
  115  7:13  Zergling x2  
  117  7:25  Drone x3  
  117  7:29  Hydralisk x2, Extractor  
  123  7:30  Zergling x2  
  123  7:31  Zergling x2, Evolution Chamber x2  
  123  7:32  Zergling x4  
  123  7:33  Zergling x2  
  123  7:35  Glial Reconstitution  
  126  7:50  Drone x3  
  126  7:53  Overlord  
  126  7:55  Hydralisk x2  
  125  7:59  Roach x3  
  125  8:00  Hatchery  
  125  8:03  Roach  
  125  8:04  Roach x2  
  125  8:05  Zergling x2, Overlord  
  136  8:14  Zergling x4  
  136  8:15  Zergling x4, Hydralisk  
  136  8:17  Zergling x2  
  143  8:26  Hydralisk x2  
  141  8:31  Zergling x8  
  141  8:32  Ravager  
  141  8:33  Zergling x10  
  140  8:36  Zergling x2  
  140  8:39  Zergling x2  
  140  8:41  Roach x2  
  82  9:11  Roach x5  
  82  9:12  Roach x2  
  82  9:13  Roach  
  94  9:19  Roach  
  94  9:20  Extractor  
  94  9:23  Roach  
  97  9:25  Roach  
  97  9:28  Spawning Pool  
  98  9:32  Roach  
  98  9:36  Roach  
  102  9:43  Hatchery  
  102  9:44  Roach  
  101  9:46  Roach  
  101  9:48  Roach x3  
  109  9:56  Roach x3  
  109  9:58  Roach  
  117  10:01  Roach  
  117  10:07  Roach  
  121  10:12  Roach  
  123  10:17  Roach  
  125  10:24  Roach x4  
  133  10:29  Roach x2  
  133  10:31  Roach  
  139  10:36  Roach x2  
  139  10:41  Roach  
  145  10:47  Zergling x2  
  146  10:51  Roach  
  146  10:55  Roach  
  150  10:58  Roach x2  
  154  11:06  Overlord x2  
  151  11:19  Roach x2  
  154  11:30  Roach x2  
  154  11:31  Roach x2  
  154  11:32  Roach  
  147  11:33  Roach  
  147  11:35  Roach x2  
  147  11:36  Roach x2  
  147  11:39  Roach x2  
  134  11:47  Queen x2  
  138  11:54  Drone x2  
  138  12:01  Overlord  
  140  12:02  Roach  
  142  12:09  Zerg Ground Armor Level 1, Zerg Missile Weapons Level 1  
  142  12:11  Roach  
  142  12:12  Overlord  
  144  12:22  Drone x2  
  146  12:26  Queen  
  146  12:28  Drone x3  
  151  12:35  Drone x2  
  153  12:41  Drone  
  153  12:43  Drone  
  153  12:44  Drone  
  153  12:54  Lair  
  153  12:59  Hatchery  
  153  13:00  Drone x6  
  158  13:06  Roach x2  
  158  13:12  Overlord  
  162  13:18  Overlord  
  162  13:19  Roach  
  164  13:21  Overlord  
  164  13:32  Zergling x4  
  164  13:33  Zergling x4  
  168  13:35  Zergling x4  
  168  13:36  Zergling x2  
  168  13:40  Zergling x2  
  172  13:44  Zergling x4  
  174  13:52  Zergling x8  
  174  13:54  Zergling x2  
  179  14:03  Zerg Melee Weapons Level 1  
  179  14:06  Zerg Missile Weapons Level 2  
  179  14:08  Drone x7  
  186  14:13  Spire  
  186  14:17  Queen  
  185  14:23  Zergling x2  
  185  14:24  Zergling x12  
  194  14:25  Zergling x2  
  193  14:33  Overseer  
  193  14:34  Pneumatized Carapace  
  181  14:47  Overseer  
  180  15:00  Zergling x2  
  180  15:01  Zergling x32  
  180  15:02  Zergling x2  
  180  15:04  Zergling x2  
  180  15:05  Zergling x2  
  197  15:29  Hatchery  
  196  15:39  Overseer  
  196  15:50  Spire  
  195  16:08  Zerg Ground Armor Level 2  
  195  16:22  Zerg Melee Weapons Level 2  
  188  16:32  Baneling Nest  
  187  16:56  Infestation Pit  
  185  17:06  Zerg Flyer Weapons Level 1  
  177  17:26  Overseer  
  173  17:45  Extractor x2  
  173  17:46  Spine Crawler  
  173  17:48  Spore Crawler  
  169  18:05  Overseer  
  169  18:06  Overseer  
  169  18:08  Drone x3  
  169  18:09  Drone x3  
  172  18:30  Roach x14  
  192  19:03  Spore Crawler, Spine Crawler  
  141  19:46  Mutalisk x29  
  141  19:50  Zergling x8  
  141  19:52  Zergling x4  
  193  19:55  Overseer  
  193  19:58  Roach x3  
  191  20:03  Roach  
  193  20:09  Roach  
  193  20:15  Roach  
Tags
 
Add a new tag
Caveats
  • Supply blocks, unpowered buildings, or Contaminate may cause inaccurate times.
  • Supply counts are checked every 10 seconds.